 Dungeon Crawl Stone Soup version 0.28-a0-1510-gd0f6b136d3 (webtiles) character file.

Game seed: 13366950416502816312

94 hashsling the Poker (level 4, -12/34 HPs)
             Began as a Human Wanderer on Jan 14, 2022.
             Mangled by a mummy (18 damage)
             ... on level 4 of the Dungeon.
             The game lasted 00:11:23 (2497 turns).

hashsling the Poker (Human Wanderer)                Turns: 2497, Time: 00:11:32

Health: -12/34     AC:  5    Str: 16    XL:     4   Next: 94%
Magic:  5/5        EV: 11    Int: 11    God:
Gold:   158        SH:  0    Dex: 12    Spells: 5/5 levels left

rFire   . . .      SeeInvis .   a - +4 spear
rCold   . . .      Faith    .   (no shield)
rNeg    . . .      Spirit   .   s - +1 leather armour {rPois}
rPois   +          Reflect  .   (no helmet)
rElec   .          Harm     .   (no cloak)
rCorr   +          Rampage  .   c - +0 pair of gloves
Will    .....                   (no boots)
Stlth   ++........              g - amulet of the acrobat
HPRegen 0.11/turn               p - ring of resist corrosion
MPRegen 0.09/turn               (no ring)

@: no status effects
A: no striking features
a: no special abilities


You were on level 4 of the Dungeon.
You visited 1 branch of the dungeon, and saw 4 of its levels.
You also visited: Ossuary.

You collected 158 gold pieces.

Inventory:

Hand Weapons
 a - a +4 spear (weapon)
 b - a +0 quarterstaff
Missiles
 h - 3 javelins (quivered)
 k - 16 arrows
Armour
 c - a +0 pair of gloves (worn)
 d - a +0 leather armour
 s - a +1 leather armour of poison resistance (worn)
Jewellery
 g - an amulet of the acrobat (around neck)
 p - a ring of resist corrosion (left hand)
Scrolls
 e - a scroll of identify
 n - a scroll of fog
Potions
 f - a potion of brilliance {unknown}
 i - a potion of curing {unknown}
 j - a potion of heal wounds {unknown}
 m - a potion of degeneration {unknown}
 o - a potion of resistance {unknown}
 r - a potion of invisibility {unknown}


   Skills:
 * Level 2.8 Fighting
 + Level 3.6(3.7) Polearms
 - Level 1.0(2.4) Staves
 - Level 2.0 Armour
 + Level 1.8 Dodging
 - Level 2.0 Stealth
 - Level 1.0 Spellcasting
 - Level 1.0 Invocations


You had 5 spell levels left.
You didn't know any spells.
Your spell library was empty.

Dungeon Overview and Level Annotations

Branches:
Dungeon (4/15)            Ossuary (visited)
 Temple: D:4-7

Altars:
Dithmenos
Fedhas
Vehumet

Shops:
D:1 ?


Message History

Reach: a) +4 spear
Press: ? - help, Dir - move target, f - mummy
Aim: a mummy (severely damaged, about 21% to evade your +4 spear)
You hit the mummy.
You destroy the mummy!
Reach: a) +4 spear
Press: ? - help, Dir - move target, f - mummy
Aim: a mummy (about 21% to evade your +4 spear)
You hit the mummy but do no damage.
Reach: a) +4 spear
Press: ? - help, Dir - move target, f/p - mummy
Aim: a mummy (about 21% to evade your +4 spear)
You hit the mummy.
The mummy is lightly damaged.
The mummy hits you!
* * * LOW HITPOINT WARNING * * *
Reach: a) +4 spear
Press: ? - help, Dir - move target, f/p - mummy
Aim: a mummy (lightly damaged, about 21% to evade your +4 spear)
You hit the mummy.
The mummy is moderately damaged.
Reach: a) +4 spear
Press: ? - help, Dir - move target, f/p - mummy
Aim: a mummy (moderately damaged, about 21% to evade your +4 spear)
You completely miss the mummy.
The mummy is moderately damaged.
The mummy closely misses you.
Reach: a) +4 spear
Press: ? - help, Dir - move target, f/p - mummy
Aim: a mummy (moderately damaged, about 21% to evade your +4 spear)
You hit the mummy.
The mummy is heavily damaged.
Reach: a) +4 spear
Press: ? - help, Dir - move target, f/p - mummy
Aim: a mummy (heavily damaged, about 21% to evade your +4 spear)
You barely miss the mummy.
The mummy is heavily damaged.
The mummy hits you!!
Ouch! That really hurt!
You die...

,,,,,,,,,,** *........,,,,,,*
,,,,,,,,*** ###........,,,,,,,
,,,,,,,** ##..,.......,,,>,,,
,,,,,,** ###..##..>....,,,,,,,
,,**,,* #####.....†.......,,,,,,,
****#.###........#'#......,,,,,,,
##............#.#,..#..,,,,,,,
#...........###.###.#***,,****
#...........#@M...#,#**,,** *
#...........###.###,**,,**
#.............#.#,,,,,,,,****
#.............###,,,,,,,,,,,*
*#................,,,,,,,,,,*
#.........####...,,,,,,,,,,*
##........# *,....,,,,,,,,,*
##......## *,,...,,,,,,,,,*
#.#....##**,,,..,,,,,,,,,*


You could see a mummy.

Vanquished Creatures
  A mummy (D:4)
  A worm (D:2)
  3 dart slugs
  4 orcs (D:4)
  8 ball pythons
  6 endoplasms
  6 giant cockroaches
  7 goblins
  4 hobgoblins
  3 quokkas
  4 bats
  2 frilled lizards
  2 hobgoblin zombies (Ossuary)
  4 kobolds
  An orc zombie (Ossuary)
  6 rats
62 creatures vanquished.

Notes
Turn   | Place    | Note
-------+----------+-------------------------------------------
     0 | D:1      | hashsling the Human Wanderer began the quest for the Orb.
     0 | D:1      | hashsling set off with the following items: a +2 spear, a
                  | +0 quarterstaff, a +0 pair of gloves, a +0 leather armour
     0 | D:1      | Reached XP level 1. HP: 13/13 MP: 2/2
   111 | D:1      | Reached XP level 2. HP: 20/20 MP: 3/3
   128 | D:1      | Reached skill level 1 in Fighting
   166 | D:1      | Found Tufaacis's Magic Scroll Emporium.
   465 | D:1      | Found a faded altar of an unknown god.
   602 | D:2      | Reached skill level 1 in Dodging
   629 | D:2      | Reached XP level 3. HP: 26/26 MP: 4/4
   782 | D:2      | Found a radiant altar of Vehumet.
  1137 | D:2      | Reached XP level 4. HP: 32/33 MP: 5/5
  1595 | D:3      | Found a shadowy altar of Dithmenos.
  1971 | D:3      | Found a blossoming altar of Fedhas.
  2439 | D:4      | Found a sand-covered staircase.
  2444 | Ossuary  | Entered an ossuary
  2497 | D:4      | Mangled by a mummy

Illustrated notes

Levels and vault maps discovered:
D:1:      wander_arrival_lonely_grave, layout_rooms,
          ebering_ecumenical_altar_abandoned, serial_shops, shop,
          minmay_distorted
D:2:      layout_loops_ring, basic_altar
D:3:      layout_basic, fedhas_ov_isle_minmay, nicolae_dithmenos_the_darkroom,
          chequers_serial_rivers_small_3
D:4:      layout_cave_pods, general_overflow_altar, nicolae_ossuary_entry_plus

Skill      XL: |  1  2  3 |
---------------+----------+-----
Fighting       | 1 2 |  2.8
Dodging        | 1 |  1.8
Polearms       | |  3.6
Staves         | |  1.0
Armour         | |  2.0
Stealth        | |  2.0
Spellcasting   | |  1.0
Invocations    | |  1.0

Action                   |  1- 3 |  4- 6 || total
-------------------------+-------+-------++-------
Melee: Spear             |    97 |    98 ||   195
       Punch             |     1 |     1 ||     2
  Use: Scroll            |       |     5 ||     5
 Stab: Sleeping          |     5 |     3 ||     8
Armor: Leather armour    |    12 |    13 ||    25
Dodge: Dodged            |    26 |    28 ||    54

Table legend: (Time is in decaauts)
 A = Elapsed time spent in this place.
 B = Non-inter-level travel time spent in this place.
 C = Inter-level travel time spent in this place.
 D = Time resting spent in this place.
 E = Time spent auto-exploring this place.
 F = Levels seen in this place.
 G = Mean time per level.
                   A        B        C        D        E       F      G
               +--------+--------+--------+--------+--------+-----+--------+
         Total |   2489 |   2379 |    110 |      0 |   1773 |   5 |  497.8 |
       Dungeon |   2445 |   2335 |    110 |      0 |   1764 |   4 |  611.2 |
       Ossuary |     43 |     43 |      0 |      0 |      9 |   1 |   43.0 |
               +--------+--------+--------+--------+--------+-----+--------+

Top non-repeatable levels by time:
     D:3: 933 daAuts
     D:2: 721 daAuts
     D:1: 594 daAuts
     D:4: 195 daAuts
 Ossuary: 43 daAuts
